 Dungeon Crawl Stone Soup version 0.26-a0-21-gf97e55dc39 (webtiles) character file.

Game seed: 121274731748682806, levelgen mode: deterministic

41370 kae the Executioner (level 14, 0/121 HPs)
             Began as a Hill Orc Fighter on May 26, 2020.
             Was a Priest of Qazlal.
             Slain by a death yak (8 damage)
             ... on level 6 of the Lair of Beasts.
             The game lasted 00:15:29 (21874 turns).

kae the Executioner (Hill Orc Fighter)             Turns: 21874, Time: 00:15:29

Health: 0/121      AC: 19    Str: 24    XL:     14   Next: 15%
Magic:  23/23      EV:  6    Int:  8    God:    Qazlal [***...]
Gold:   420        SH:  8    Dex: 10    Spells: 13/13 levels left

rFire    x . .     SeeInvis +   H - +1 broad axe of the Pharaoh's Fist {vorpal, +Rage rElec rF-}
rCold    . . .     Gourm    .   K - +0 buckler
rNeg     . . .     Faith    .   d - +0 plate armour
rPois    .         Spirit   .   C - +1 helmet
rElec    +         Reflect  .   g - +0 cloak
rCorr    +         Harm     .   q - +2 pair of gloves
MR       ++...                  x - +0 pair of boots "Maeniho" {rCorr}
Stlth    ..........             (no amulet)
HPRegen  0.30/turn              p - ring of protection from magic
MPRegen  0.18/turn              D - ring of see invisible

@: no status effects
A: no striking features
a: Upheaval, Elemental Force, Renounce Religion, Evoke Berserk Rage


You were on level 6 of the Lair of Beasts.
You worshipped Qazlal.
Qazlal was most pleased with you.
You were not hungry.

You visited 3 branches of the dungeon, and saw 19 of its levels.

You collected 1085 gold pieces.
You spent 665 gold pieces at shops.

Inventory:

Hand Weapons
 a - a +1 war axe
 s - a +0 hand axe of electrocution
 A - a +0 battleaxe
 H - the +1 broad axe of the Pharaoh's Fist (weapon) {vorpal, +Rage rElec rF-}
   (You bought it in a shop on level 12 of the Dungeon)

   It inflicts extra damage upon your enemies.
   It makes you vulnerable to fire.
   It insulates you from electricity.
   It lets you go berserk.
 J - a +4 scimitar of flaming
Armour
 c - a +0 kite shield
 d - a +0 plate armour (worn)
 g - a +0 cloak (worn)
 q - a +2 pair of gloves (worn)
 x - the +0 pair of boots "Maeniho" (worn) {rCorr}
   (You bought it in a shop on level 7 of the Dungeon)

   It provides partial protection from all sources of acid and corrosion.
 C - a +1 helmet (worn)
 K - a +0 buckler (worn)
Jewellery
 o - an uncursed ring of ice
 p - a ring of protection from magic (left hand)
 u - an uncursed ring of resist corrosion
 v - an uncursed ring of ice
 y - an uncursed ring of fire
 D - a ring of see invisible (right hand)
 S - an uncursed ring of protection from magic
 U - an uncursed ring of flight {unknown}
 Y - an uncursed amulet of faith {unknown}
 Z - an uncursed ring of flight {unknown}
Wands
 m - a wand of clouds (3)
 E - a wand of paralysis (10)
 F - a wand of flame (18)
 P - a wand of random effects (20)
 V - a wand of iceblast (11)
Scrolls
 e - 10 scrolls of remove curse
 h - 6 scrolls of amnesia
 i - 5 scrolls of magic mapping
 k - a scroll of fear
 r - 5 scrolls of teleportation
 O - 2 scrolls of fog
 Q - a scroll of enchant weapon
 R - a scroll of blinking
 W - a scroll of torment {unknown}
 X - 2 scrolls of identify
Potions
 b - 3 potions of brilliance
 j - 2 potions of lignification
 n - 6 potions of stabbing
 t - 3 potions of haste
 w - 3 potions of heal wounds
 z - 2 potions of magic
 B - 2 potions of flight
 G - a potion of ambrosia
 I - 2 potions of might
 L - a potion of resistance {unknown}
 M - a potion of cancellation {unknown}
 N - 3 potions of curing
 T - a potion of mutation {unknown}
Comestibles
 f - 41 rations


   Skills:
 - Level 10.0 Fighting
 * Level 23.3 Axes
 - Level 3.2 Armour
 - Level 4.0 Shields
 + Level 13.1 Invocations


You had 13 spell levels left.
You didn't know any spells.
Your spell library contained the following spells:

 Spells                   Type           Power        Failure   Level  Hunger
 Animate Skeleton         Necr           N/A          100%        1    ##.....
 Apportation              Tloc           #.....       100%        1    ##.....
 Corona                   Hex            #......      100%        1    ##.....
 Freeze                   Ice            #...         100%        1    ##.....
 Magic Dart               Conj           #...         100%        1    ##.....
 Shock                    Conj/Air       #...         100%        1    ##.....
 Summon Small Mammal      Summ           #...         100%        1    ##.....
 Ensorcelled Hibernation  Hex/Ice        #.....       100%        2    ###....
 Searing Ray              Conj           #.....       100%        2    ###....
 Swiftness                Chrm/Air       #.......     100%        2    ###....
 Confusing Touch          Hex            #.......     100%        3    ####...
 Dazzling Flash           Conj/Hex       #.....       100%        3    ####...
 Frozen Ramparts          Ice            #.....       100%        3    ####...
 Gell's Gravitas          Tloc           #.........   100%        3    ####...
 Ozocubu's Armour         Chrm/Ice       #.......     100%        3    ####...
 Static Discharge         Conj/Air       #.......     100%        3    ####...
 Tukima's Dance           Hex            #.......     100%        3    ####...
 Airstrike                Air            #.........   100%        4    #####..
 Fulminant Prism          Conj/Hex       #.........   100%        4    #####..
 Hailstorm                Conj/Ice       #.......     100%        4    #####..
 Iskenderun's Mystic Bla  Conj/Tloc      #.......     100%        4    #####..
 Petrify                  Tmut/Erth      #.......     100%        4    #####..
 Summon Ice Beast         Ice/Summ       #.......     100%        4    #####..
 Lightning Bolt           Conj/Air       #.........   100%        5    ######.
 Metabolic Englaciation   Hex/Ice        #.........   100%        5    ######.
 Yara's Violent Unravell  Hex/Tmut       #.........   100%        5    ######.


Dungeon Overview and Level Annotations

Branches:
Dungeon (12/15)            Temple (1/1) D:7            Lair (6/6) D:8
 Shoals (0/4) Lair:3       Spider (0/4) Lair:3        Slime (0/5) Lair:5
    Orc (0/2) D:10

Altars:
Ashenzari
Cheibriados
Dithmenos
Elyvilon
Fedhas
Gozag
Hepliaklqana
Kikubaaqudgha
Makhleb
Nemelex Xobeh
Okawaru
Qazlal
Ru
Sif Muna
Trog
Uskayaw
Vehumet
Wu Jian
Xom
Yredelemnul
Zin
The Shining One

Shops:
D:5 =   D:7 [   D:11 [   D:12 (


Message History

The death yak is severely wounded.
You hit the manticore but do no damage. You slash the spiny frog!
You kill the spiny frog!
Qazlal accepts your kill.
You hit the death yak but do no damage. You block the manticore's attack. x2
The manticore claws you but does no damage.
The death yak gores you!
* * * LOW HITPOINT WARNING * * *
The death yak gores you!!
* * * LOW HITPOINT WARNING * * *
You slice the manticore!!
The manticore is severely wounded.
You hit the death yak. You hit the death yak but do no damage.
You barely miss the manticore.
The manticore is severely wounded.
You barely miss the death yak. You slash the death yak!
You block the manticore's attack. x2
The manticore claws you but does no damage.
The death yak gores you!
You die...

.# . #### . #
###.P#.#.#
....#.....
###.....#...
#..Y†H.....#
#P..@Y.#
##..#####
#.......# ###
#...#...####.##
#.......#....P#
##..#####.....#
#P.†...#.....#
##.†...#.....#
#...........####
###


You could see 2 death yaks and a manticore.

Vanquished Creatures
  Rupert (Lair:3)
  Nessos (Lair:4)
  Snorg (Lair:4)
  Josephine (D:12)
  The ghost of sigonnn the Slicer, a journeyman DsAs of Fedhas (Lair:3)
  4 hydras
  Erica (Lair:2)
  4 two-headed ogres
  3 death yaks (D:8)
  An unseen horror (D:12)
  2 ugly things
  A manticore (D:12)
  2 black mambas
  3 merfolk sirens (Lair:3)
  2 elephants (Lair:6)
  Maggie (D:9)
  A gargoyle (D:11)
  7 spiny frogs
  2 torpor snails
  4 komodo dragons
  A redback zombie (D:12)
  A queen bee (D:11)
  A troll (D:9)
  4 polar bears (Lair:2)
  A hornet (D:12)
  A merfolk (Lair:3)
  2 dream sheep (Lair:3)
  A blink frog (Lair:6)
  9 hippogriffs
  A redback (Lair:3)
  13 yaks
  2 wyverns
  7 wraiths (D:12)
  2 hungry ghosts (D:10)
  Menkaure (D:5)
  2 soldier ants
  An acid dragon (D:12)
  7 water moccasins
  8 porcupines
  A phantom (D:4)
  A sky beast (D:6)
  2 ice beasts
  A black bear (D:11)
  8 orc warriors
  9 ogres
  A necrophage (D:10)
  15 wolves
  5 centaurs
  6 crocodiles
  9 bullfrogs
  3 big kobolds
  A water moccasin zombie (D:8)
  2 scorpions
  3 wyvern skeletons
  43 killer bees
  20 wights
  An electric eel (Lair:2)
  2 howler monkeys
  2 quasits
  6 crimson imps
  2 bullfrog zombies
  3 centaur zombies
  5 hounds
  5 jellies
  Crazy Yiuf (D:7)
  4 orc priests
  4 centaur skeletons
  2 bullfrog skeletons
  2 iguanas
  13 orc wizards
  8 worker ants
  2 hell rats (D:8)
  A hound zombie (D:5)
  4 hound skeletons
  2 howler monkey zombies
  13 adders
  A river rat (D:8)
  A shadow imp (D:10)
  6 oozes
  An adder zombie (D:5)
  5 adder skeletons
  5 worms
  5 leopard geckos
  42 orcs
  5 giant cockroaches
  6 goblins
  6 hobgoblins
  7 jackals
  8 quokkas
  3 ball pythons
  5 bats
  4 frilled lizards
  A jackal skeleton (D:4)
  8 kobolds
  A leopard gecko skeleton (D:5)
  A leopard gecko zombie (D:5)
  A quokka zombie (D:5)
  4 rats
  A butterfly (Lair:2)
  3 fungi
  2 plants (Lair:3)
452 creatures vanquished.

Vanquished Creatures (others)
  An orc wizard (D:10)
  3 fungi
  A plant (Lair:1)
5 creatures vanquished.

Grand Total: 457 creatures vanquished

Notes
Turn   | Place    | Note
-------+----------+-------------------------------------------
     0 | D:1      | kae the Hill Orc Fighter began the quest for the Orb.
     0 | D:1      | Reached XP level 1. HP: 19/19 MP: 1/1
   177 | D:1      | Reached skill level 3 in Axes
   367 | D:1      | Reached XP level 2. HP: 27/27 MP: 2/2
   928 | D:2      | Reached skill level 4 in Axes
  1028 | D:2      | Reached XP level 3. HP: 21/33 MP: 3/3
  2327 | D:3      | Reached XP level 4. HP: 41/41 MP: 4/4
  2353 | D:3      | Reached skill level 5 in Axes
  3229 | D:4      | Found a snail-covered altar of Cheibriados.
  3234 | D:4      | Reached XP level 5. HP: 47/47 MP: 5/5
  3261 | D:4      | Reached skill level 6 in Axes
  3261 | D:4      | Reached skill level 5 in Fighting
  3391 | D:4      | Noticed a phantom
  3409 | D:4      | Killed a phantom
  3409 | D:4      | Reached skill level 7 in Axes
  3409 | D:4      | Reached XP level 6. HP: 56/56 MP: 6/6
  3827 | D:4      | Reached skill level 8 in Axes
  3827 | D:4      | Reached XP level 7. HP: 59/63 MP: 7/7
  3918 | D:4      | Found an iron altar of Okawaru.
  3966 | D:4      | Noticed a +0 dagger
  3967 | D:4      | Noticed a +0 dagger
  3968 | D:4      | Found a hide-covered altar of Uskayaw.
  4138 | D:4      | Found a burning altar of Makhleb.
  4444 | D:5      | Entered Level 5 of the Dungeon
  4481 | D:5      | Reached skill level 9 in Axes
  4579 | D:5      | Reached XP level 8. HP: 64/73 MP: 8/8
  4651 | D:5      | Found Zuunkad's Jewellery Boutique.
  4691 | D:5      | Bought a cursed amulet of inaccuracy for 26 gold pieces
  4719 | D:5      | Reached skill level 10 in Axes
  4768 | D:5      | Noticed Menkaure
  5259 | D:5      | Killed Menkaure
  5695 | D:6      | Reached skill level 11 in Axes
  5913 | D:6      | Reached XP level 9. HP: 69/82 MP: 9/9
  6106 | D:6      | Reached skill level 12 in Axes
  6300 | D:6      | Found Exehub's Magic Scroll Shoppe.
  6529 | D:7      | Found Ziweseup's Antique Armour Shop.
  6539 | D:7      | Bought a pair of spiked boots for 171 gold pieces
  6544 | D:7      | Identified the +0 pair of boots "Maeniho" {rCorr} (You
                  | bought it in a shop on level 7 of the Dungeon)
  6665 | D:7      | Found a staircase to the Ecumenical Temple.
  6713 | Temple   | Entered the Ecumenical Temple
  6913 | Temple   | Became a worshipper of Qazlal Stormbringer
  7171 | D:7      | Reached skill level 13 in Axes
  7273 | D:7      | Found a runed translucent door.
  7274 | D:7      | Noticed Crazy Yiuf
  7435 | D:7      | Killed Crazy Yiuf
  7537 | D:8      | Noticed a death yak
  7538 | D:8      | Noticed a death yak
  7543 | D:8      | Noticed a death yak
  7741 | D:8      | Noticed a two-headed ogre
  7749 | D:8      | Killed a two-headed ogre
  7749 | D:8      | Reached skill level 10 in Fighting
  7749 | D:8      | Reached skill level 14 in Axes
  7749 | D:8      | Reached XP level 10. HP: 45/93 MP: 10/10
  8052 | D:8      | Reached skill level 15 in Axes
  8689 | D:8      | Killed a death yak
  8690 | D:8      | Reached * piety under Qazlal
  8999 | D:8      | Killed a death yak
  8999 | D:8      | Reached skill level 16 in Axes
  9223 | D:8      | Killed a death yak
  9529 | D:8      | Reached skill level 17 in Axes
  9747 | D:8      | Found a staircase to the Lair.
  9747 | D:8      | Identified the cursed +1 leather armour of Bitterness {rF+
                  | Str+4}
  9814 | D:8      | Reached XP level 11. HP: 97/99 MP: 11/11
 10237 | D:9      | Noticed Maggie
 10252 | D:9      | Killed Maggie
 10252 | D:9      | Reached skill level 1 in Invocations
 10346 | D:9      | Found a hazy altar of Hepliaklqana.
 10578 | D:9      | Reached ** piety under Qazlal
 11233 | D:10     | Entered Level 10 of the Dungeon
 11234 | D:10     | Noticed a two-headed ogre
 11253 | D:10     | Reached skill level 18 in Axes
 11263 | D:10     | Killed a two-headed ogre
 11549 | D:10     | Found a staircase to the Orcish Mines.
 11593 | D:10     | Found an iron altar of Okawaru.
 11862 | D:10     | Reached skill level 5 in Invocations
 12180 | D:10     | Reached skill level 19 in Axes
 12251 | D:10     | Noticed a two-headed ogre
 12258 | D:10     | Killed a two-headed ogre
 12389 | D:10     | Reached *** piety under Qazlal
 12775 | D:11     | HP: 3/99 [poisoned by a queen bee]
 12791 | D:11     | Reached XP level 12. HP: 52/106 MP: 17/17
 12850 | D:11     | HP: 3/106 [killer bee (6)]
 12851 | D:11     | HP: 1/106 [killer bee (1)]
 13924 | D:11     | Found Ijarasch's Antique Armour Emporium.
 13933 | D:11     | Bought a runed helmet for 225 gold pieces
 14177 | D:11     | Reached skill level 20 in Axes
 14406 | D:12     | Reached **** piety under Qazlal
 14472 | D:12     | Found a bloodstained altar of Trog.
 14730 | D:12     | Noticed a two-headed ogre
 14747 | D:12     | Killed a two-headed ogre
 15014 | D:12     | Noticed Josephine
 15029 | D:12     | Killed Josephine
 15115 | D:12     | Found Qacwu's Antique Weapon Emporium.
 15244 | D:12     | Reached skill level 21 in Axes
 15244 | D:12     | Reached skill level 10 in Invocations
 16062 | D:12     | Bought a brightly glowing broad axe for 243 gold pieces
 16062 | D:12     | Identified the +1 broad axe of the Pharaoh's Fist {vorpal,
                  | +Rage rElec rF-} (You bought it in a shop on level 12 of
                  | the Dungeon)
 16140 | Lair:1   | Entered Level 1 of the Lair of Beasts
 16322 | Lair:1   | Reached XP level 13. HP: 104/113 MP: 20/20
 17065 | Lair:2   | Reached ***** piety under Qazlal
 17397 | Lair:2   | Noticed Erica
 17416 | Lair:2   | Killed Erica
 18225 | Lair:3   | Reached skill level 22 in Axes
 18228 | Lair:3   | Noticed Rupert
 18237 | Lair:3   | Paralysed by Rupert for 4 turns
 18248 | Lair:3   | Killed Rupert
 18548 | Lair:3   | Noticed sigonnn's ghost (journeyman DsAs)
 18550 | Lair:3   | Found a large runed translucent door.
 18551 | Lair:3   | Found a large runed translucent door.
 18695 | Lair:3   | Found a hole to the Spider Nest.
 18960 | Lair:3   | Found a staircase to the Shoals.
 19418 | Lair:3   | Killed sigonnn's ghost
 19485 | Lair:4   | Noticed Nessos
 19489 | Lair:4   | Found a shadowy altar of Dithmenos.
 19493 | Lair:4   | Killed Nessos
 20084 | Lair:4   | Noticed Snorg
 20102 | Lair:4   | Killed Snorg
 20993 | Lair:5   | Found a staircase to the Slime Pits.
 21285 | Lair:5   | Reached skill level 23 in Axes
 21602 | Lair:6   | Entered Level 6 of the Lair of Beasts
 21606 | Lair:6   | Reached XP level 14. HP: 121/121 MP: 10/23
 21874 | Lair:6   | Slain by a death yak

Illustrated notes

Levels and vault maps discovered:
D:1:      minmay_arrival_widening_spiral_narrow, layout_basic,
          minmay_misc_feat_ornament
D:2:      layout_loops_corners, first_ration
D:3:      layout_basic
D:4:      layout_loops_corners, okawaru_gym_becter,
          lemuel_coloured_pillars_altar, dancing_weapons_uskayaw,
          cheibriados_altar_1
D:5:      layout_basic, serial_undead, serial_undead_b, serial_undead_f,
          serial_undead_c, serial_undead_f, serial_undead_c, serial_undead_a,
          serial_shops, shop, uniq_menkaure
D:6:      layout_basic, serial_shops, nicolae_shop_stone,
          minmay_misc_feat_hallway
D:7:      layout_rooms, minmay_temple_entry_waves, serial_shops, shop,
          uniq_crazy_yiuf_cottage
D:8:      layout_basic, dpeg_lair_monsters
D:9:      minmay_flawed_box, layout_irregular_city, kennysheep_mini_moat,
          uniq_maggie
D:10:     layout_loops_cross, david_orc_4, basic_altar, blue_anna_alchemist
          [blue_anna_fruit_fields, blue_anna_fruit_fields],
          minmay_misc_feat_nine_boxes
D:11:     layout_roguey [special_room_bee], serial_shops, nicolae_shop_stone
D:12:     layout_long_grid, basic_altar, serial_shops, shop_statue,
          uniq_josephine
Temple:   eino_narrow_crystal_temple
Lair:1:   wander_river, layout_concentric_octagons, infiniplex_staircase_pool
Lair:2:   statuecave_lemuel, layout_gridlike, serial_bayou_pond_c, st_stairs_11,
          cheibrodos_lair_lostbears, lemuel_fruit_fields, uniq_erica
Lair:3:   layout_regular_city, elwin_shoals_entry_stream,
          spider_nest_entry_rubble, ebering_ghost_disaster_area,
          lemuel_fruit_tree, uniq_rupert
Lair:4:   layout_regular_city, basic_altar, grunt_megastairs_4, uniq_snorg,
          uniq_nessos
Lair:5:   layout_loops_ring, nicolae_slime_entry_slimehenge, lemuel_fruit_fields
Lair:6:   hangedman_lair_in_review, layout_big_grid

Skill      XL: |  1  2  3  4  5  6  7  8  9 10 11 12 13 14 |
---------------+-------------------------------------------+-----
Axes           | 3 4 5 7 8 9 11 14 17 19 21 23 | 23.3
Fighting       | 4 5 6 7 8 10 | 10.0
Invocations    | 7 10 12 13 | 13.1
Shields        | 4 |  4.0
Armour         | |  3.2

Action                   |  1- 3 |  4- 6 |  7- 9 | 10-12 | 13-15 || total
-------------------------+-------+-------+-------+-------+-------++-------
Melee: War axe           |   143 |    90 |       |       |       ||   233
       Hand axe          |       |    50 |   271 |   870 |       ||  1191
       Broad axe         |       |       |       |    38 |   282 ||   320
       Scimitar          |       |       |       |       |     1 ||     1
Invok: Upheaval          |       |       |       |     2 |    13 ||    15
Evoke: Wand              |       |       |       |       |     1 ||     1
  Use: Scroll            |       |     8 |     6 |     5 |     4 ||    23
       Potion            |       |       |     1 |     9 |       ||    10
  Eat: Chunk             |     1 |     5 |    11 |    17 |     8 ||    42
       Ration            |     1 |       |       |     5 |     3 ||     9
Armor: Scale mail        |    71 |    64 |    92 |    29 |       ||   256
       Plate armour      |       |       |       |   294 |   143 ||   437
       Skin              |       |       |       |     3 |       ||     3
Dodge: Dodged            |    45 |    43 |    63 |    89 |    43 ||   283
       Repelled          |       |       |       |     1 |     1 ||     2
Block: Kite shield       |    65 |    59 |    96 |   447 |    64 ||   731
       Buckler           |       |       |       |       |    87 ||    87

Table legend:
 A = Non-vault XP
 B = Vault XP
 C = Vault XP percentage of total XP
 D = Non-vault monster count
 E = Vault monster count
 F = Vault count percentage of total count
                 A         B        C        D         E       F
            +---------+---------+-------+---------+---------+-------
      Total |   35302 |   23799 |  40.3 |     344 |     103 |  23.0
            +---------+---------+-------+---------+---------+-------
        D:1 |      29 |       0 |   0.0 |      15 |       0 |   0.0
        D:2 |      33 |       0 |   0.0 |      11 |       0 |   0.0
        D:3 |      97 |       0 |   0.0 |      30 |       0 |   0.0
        D:4 |     759 |       0 |   0.0 |      29 |       0 |   0.0
        D:5 |     566 |     294 |  34.2 |      22 |       9 |  29.0
        D:6 |     953 |       0 |   0.0 |      18 |       0 |   0.0
        D:7 |     865 |     178 |  17.1 |      14 |       2 |  12.5
        D:8 |    2891 |    2796 |  49.2 |      36 |       9 |  20.0
        D:9 |    1035 |     497 |  32.4 |      16 |       3 |  15.8
       D:10 |    5684 |     795 |  12.3 |      41 |      14 |  25.5
       D:11 |    2620 |    1855 |  41.5 |      22 |      26 |  54.2
       D:12 |    5969 |    2107 |  26.1 |      32 |       6 |  15.8
     Lair:1 |    4178 |       0 |   0.0 |      21 |       0 |   0.0
     Lair:2 |    1286 |    2081 |  61.8 |       9 |       5 |  35.7
     Lair:3 |    2187 |    5913 |  73.0 |      11 |       7 |  38.9
     Lair:4 |    3055 |    4117 |  57.4 |       7 |       8 |  53.3
     Lair:5 |    1254 |     107 |   7.9 |       5 |       5 |  50.0
     Lair:6 |    1841 |    3059 |  62.4 |       5 |       9 |  64.3
            +---------+---------+-------+---------+---------+-------
